 Dungeon Crawl Stone Soup version 0.30-a0-996-ga6910c8ee8 (webtiles) character file.

Game seed: 10079713791633286487

11 kae the Ruffian (level 2, -2/25 HPs)
             Began as a Naga Transmuter on Apr 4, 2023.
             Slain by a jackal (3 damage)
             ... on level 1 of the Dungeon.
             The game lasted 00:00:24 (306 turns).

kae the Ruffian (Naga Transmuter)                    Turns: 306, Time: 00:00:24

Health: -2/25      AC:  1    Str: 12    XL:     2   Next: 29%
Magic:  4/5        EV:  9    Int: 13    God:
Gold:   22         SH:  0    Dex: 11    Spells: 4/5 levels left

rFire   . . .      SeeInvis +      - Unarmed
rCold   . . .      Faith    .    (no shield)
rNeg    . . .      Spirit   .    a - +0 robe
rPois   +          Reflect  .    (helmet currently unavailable)
rElec   .          Rampage  .    (no cloak)
rCorr   .                        (no gloves)
Will    .....                    (no barding)
Stlth   +                        (no amulet)
HPRegen 0.24/turn                (no ring)
MPRegen 0.09/turn                (no ring)

@: appendages (expiring), very slow
A: horns 2, AC +0, large, see invisible, deformed body, poison resistance,
slowness 2, spit poison 1, naga tail 1
a: Spit Poison, End Transformation


You were on level 1 of the Dungeon.
You had temporarily grown beastly horns.
You visited 1 branch of the dungeon, and saw 1 of its levels.

You collected 22 gold pieces.


Innate Abilities, Weirdness & Mutations

You have temporarily grown beastly horns.
Your serpentine skin is tough. (AC +0)
You have supernaturally acute eyesight. (SInv)
Armour fits poorly on your strangely shaped body.
Your system is resistant to poisons. (rPois)
You cover ground very slowly.
You can spit poison.
You have a snake-like lower body.


   Skills:
 - Level 1.0 Fighting
 - Level 1.5 Dodging
 + Level 3.1 Unarmed Combat
 + Level 2.2 Spellcasting
 * Level 2.4 Transmutations


You had 4 spell levels left.
You knew the following spells:

 Your Spells              Type           Power      Damage    Failure   Level
a - Beastly Appendage     Tmut           14%        N/A       9%          1

Your spell library contained the following spells:

 Spells                   Type           Power      Damage    Failure   Level
 Wereblood                Tmut           7%         N/A       14%         2
 Spider Form              Tmut/Pois      4%         N/A       41%         3
 Ice Form                 Ice/Tmut       4%         N/A       83%         4

Inventory:

Missiles
 c - 6 stones
Armour
 a - a +0 robe (worn)
Scrolls
 d - a scroll of identify {unknown}
Potions
 b - a potion of lignification {!q}

Dungeon Overview and Level Annotations

Branches:
Dungeon (1/15) Zot: 5615

Altars:

#...# ###...###
#.......####
#..........
#.......#
#...#######
#..........
##hh..>#### .#
##@#.##.# .#
#.###.#.# .#
#..#.##.# .#
#.#.....# .#
#.#.##..# .#
#.#.##..######.####
#.#.##.)...........
#.#.##.####.#######
#.#.##.# #.#


You could see 2 jackals.


Message History

You barely miss the jackal. The jackal bites you. 😕 HP[-3]
You take 3 damage, and now have 22/25 hp.
There are monsters nearby!
There are monsters nearby!
You closely miss the jackal. The jackal misses you. The jackal bites you.
The jackal barks!
You hit the jackal but do no damage.
A jackal comes into view. 😕 HP[-1] MP[+1]
You take 1 damage, and now have 21/25 hp.
Your mp is fully restored (5).
The jackal attacks as you move away! The jackal closely misses you.
The jackal barks!
The jackal bites you. 😕 HP[-1]
You take 1 damage, and now have 20/25 hp.
The jackal attacks as you move away! The jackal closely misses you.
The jackal bites you. x2 😮 HP[-3]
You take 3 damage, and now have 17/25 hp.
The jackal attacks as you move away!
The jackal bites you but does no damage.
The jackal bites you. 😮 HP[-2]
You take 2 damage, and now have 15/25 hp.
Casting: Beastly Appendage (safe; 9% risk of failure)
Confirm with . or Enter, or press ? or * to list all spells.
You miscast Beastly Appendage.
You are very lightly contaminated with residual magic.
Nothing appears to happen.
The jackal bites you. 😮 HP[-2] MP[-1]
You take 2 damage, and now have 13/25 hp.
You lost 1 mp, and now have 4/5 mp.
Casting: Beastly Appendage (safe; 9% risk of failure)
Confirm with . or Enter, or press ? or * to list all spells.
You grow a pair of large bovine horns.
The jackal bites you. x2
* * * LOW HITPOINT WARNING * * *
The jackal closely misses you. 😨 HP[-3] MP[-1]
You take 3 damage, and now have 10/25 hp.
You lost 1 mp, and now have 3/5 mp.
You hit the jackal but do no damage. The jackal bites you.
* * * LOW HITPOINT WARNING * * *
😨 HP[-1]
You take 1 damage, and now have 9/25 hp.
Unknown command.
You completely miss the jackal. The jackal bites you.
* * * LOW HITPOINT WARNING * * *
The jackal bites you but does no damage. 😨 HP[-2]
You take 2 damage, and now have 7/25 hp.
You closely miss the jackal. The jackal bites you.
* * * LOW HITPOINT WARNING * * *
You closely miss the jackal. Your headbutt misses the jackal.
The jackal closely misses you.
Unknown command.
You closely miss the jackal. Your punch misses the jackal.
The jackal bites you.
* * * LOW HITPOINT WARNING * * *
Your magical contamination has completely faded away. 😱 HP[-3]
You take 3 damage, and now have 4/25 hp.
You closely miss the jackal. Your headbutt misses the jackal.
The jackal barely misses you. The jackal closely misses you.
You hit the jackal. The jackal bites you.
* * * LOW HITPOINT WARNING * * *
😱 HP[-3]
You take 3 damage, and now have 1/25 hp.
Unknown command.
Okay, then.
You are too injured to fight recklessly!
Unknown command.
You are too injured to fight recklessly!
Aiming: Spit Poison (2% risk of failure)
Press: ? - help, Shift-Dir - straight line, f - jackal
Aim: a jackal (severely wounded, 50% to hit)
The splash of poison hits the jackal.
Your transformation is almost over.
The jackal barely misses you. 😱 HP[+1]
You hit the jackal but do no damage.
The jackal bites you but does no damage.
The jackal barely misses you. 😱 MP[+1]
You hit the jackal but do no damage. The jackal barely misses you.
Unknown command.
You hit the jackal.
You kill the jackal!
You barely miss the jackal. The jackal barely misses you. The jackal bites you.
* * * LOW HITPOINT WARNING * * *
😱 HP[-1]
You take 1 damage, and now have 1/25 hp.
You completely miss the jackal.
You have got your breath back.
The jackal closely misses you.
Unknown command.
You closely miss the jackal. Your headbutt misses the jackal.
The jackal bites you.
You die...

Action                     || total
---------------------------++-------
  Melee: Unarmed           ||    28
         Headbutt          ||     1
   Cast: Beastly Appendage ||     5
Ability: Spit Poison       ||     9
 Armour: Robe              ||     5
  Dodge: Dodged            ||    18

Levels and vault maps discovered:
D:1:      amcnicky_arrival_gap_in_the_tavern_cellar, layout_loops_ring

Notes
Turn   | Place    | Note
-------+----------+-------------------------------------------
     0 | D:1      | kae the Naga Transmuter began the quest for the Orb.
     0 | D:1      | Reached XP level 1. HP: 18/18 MP: 3/3
     0 | D:1      | magus.rc [v1.11.3]
   143 | D:1      | Reached XP level 2. HP: 21/25 MP: 5/5
   297 | D:1      | HP: 4/25 [jackal (3)]
   299 | D:1      | HP: 1/25 [jackal (3)]
   304 | D:1      | HP: 1/25 [jackal (2)]
   306 | D:1      | Slain by a jackal

Vanquished Creatures
  A dart slug (D:1)
  A giant cockroach (D:1)
  A jackal (D:1)
  2 ball pythons (D:1)
  A bat (D:1)
  A frilled lizard (D:1)
  3 kobolds (D:1)
10 creatures vanquished.

Table legend:
 A = Non-vault XP
 B = Vault XP
 C = Vault XP percentage of total XP
 D = Non-vault monster count
 E = Vault monster count
 F = Vault count percentage of total count
                 A         B        C        D         E       F
            +---------+---------+-------+---------+---------+-------
      Total |      17 |       0 |   0.0 |      10 |       0 |   0.0
            +---------+---------+-------+---------+---------+-------
        D:1 |      17 |       0 |   0.0 |      10 |       0 |   0.0
            +---------+---------+-------+---------+---------+-------

Illustrated notes

Table legend:
 A = Kills in this place as a percentage of kills in the entire game.
 B = Kills by you in this place as a percentage of kills by you in the entire game.
 C = Kills by friends in this place as a percentage of kills by friends in the entire game.
 D = Other kills in this place as a percentage of other kills in the entire game.
 E = Experience gained in this place as a percentage of experience gained in the entire game.
 F = Experience gained in this place divided by the number of levels of this place that you have seen.
                   A       B       C       D       E      F
               +-------+-------+-------+-------+-------+----------------------
         Total | 100.0 | 100.0 |   N/A |   N/A | 100.0 |  17.0
       Dungeon | 100.0 | 100.0 |   N/A |   N/A | 100.0 |  17.0
               +-------+-------+-------+-------+-------+----------------------

Table legend: (Time is in decaauts)
 A = Elapsed time spent in this place.
 B = Non-inter-level travel time spent in this place.
 C = Inter-level travel time spent in this place.
 D = Time resting spent in this place.
 E = Time spent auto-exploring this place.
 F = Levels seen in this place.
 G = Mean time per level.
                   A        B        C        D        E       F      G
               +--------+--------+--------+--------+--------+-----+--------+
         Total |    383 |    383 |      0 |      0 |    306 |   1 |  383.0 |
       Dungeon |    383 |    383 |      0 |      0 |    306 |   1 |  383.0 |
               +--------+--------+--------+--------+--------+-----+--------+

Top non-repeatable levels by time:
     D:1: 383 daAuts
